 Dungeon Crawl Stone Soup version 0.28.0-1-gb440e238dd (webtiles) character file.

Game seed: 16708421828847038656

6465 DrunkBamboolord the Zephyrmancer (level 11, -31/54 HPs)
             Began as a Tengu Air Elementalist on Feb 27, 2022.
             Was a Believer of Vehumet.
             Annihilated by a boulder beetle (50 damage)
             ... on level 8 of the Dungeon.
             The game lasted 00:24:06 (12340 turns).

DrunkBamboolord the Zephyrmancer (TeAE)            Turns: 12340, Time: 00:24:07

Health: -31/54     AC: 10    Str:  5 (8)  XL:     11   Next: 0%
Magic:  34/34      EV: 16    Int: 18 (20) God:    Vehumet [**....]
Gold:   387        SH:  0    Dex: 12 (15) Spells: 12/29 levels left

rFire   . . .      SeeInvis .   (no weapon)
rCold   + . .      Faith    .   (no shield)
rNeg    . . .      Spirit   .   G - +0 steam dragon scales
rPois   .          Reflect  .   (helmet restricted)
rElec   .          Harm     .   n - +1 cloak
rCorr   .          Rampage  .   i - +2 pair of gloves
Will    .....                   (boots unavailable)
Stlth   ++........              (no amulet)
HPRegen 0.18/turn               x - ring of magical power
MPRegen 0.24/turn               v - ring of protection from cold

@: mighty, flying quickly and evasively, quick
A: beak, talons 3, nimble flight
a: Renounce Religion


You were on level 8 of the Dungeon.
You worshipped Vehumet.
Vehumet was pleased with you.
You visited 1 branch of the dungeon, and saw 9 of its levels.

You collected 387 gold pieces.

Inventory:

Missiles
 a - a throwing net
Armour
 i - a +2 pair of gloves (worn)
 n - a +1 cloak (worn)
 G - +0 steam dragon scales (worn)
Jewellery
 u - a ring of resist corrosion
 v - a ring of protection from cold (right hand)
 x - a ring of magical power (left hand)
 D - a ring of protection from cold
Wands
 r - a wand of iceblast (16)
Scrolls
 b - 2 scrolls of fog
 c - a scroll of summoning {unknown}
 j - 2 scrolls of noise {unknown}
 k - 2 scrolls of magic mapping {unknown}
 o - a scroll of enchant armour
 p - 3 scrolls of torment {unknown}
 q - 2 scrolls of enchant weapon {unknown}
 s - 4 scrolls of teleportation
 t - 2 scrolls of silence {unknown}
 y - a scroll of identify
 E - a scroll of amnesia
 F - a scroll of brand weapon {unknown}
Potions
 d - 2 potions of mutation
 e - a potion of attraction
 f - a potion of brilliance {unknown}
 g - a potion of invisibility {unknown}
 h - a potion of might
 l - 2 potions of flight
 m - a potion of degeneration
 w - a potion of cancellation {unknown}
 z - a potion of haste {unknown}
 A - a potion of curing {unknown}
 B - a potion of berserk rage


   Skills:
 * Level 6.1 Dodging
 - Level 2.2 Stealth
 * Level 9.5 Spellcasting
 * Level 8.8 Conjurations
 * Level 12.9 Air Magic


You had 12 spell levels left.
You knew the following spells:

 Your Spells              Type           Power      Damage    Failure   Level
a - Shock                 Conj/Air       100%       1d9       1%          1
b - Swiftness             Air            53%        N/A       1%          3
c - Static Discharge      Conj/Air       47%        N/A       1%          2
d - Airstrike             Air            26%        N/A       1%          4
e - Iskenderun's Mystic   Conj/Tloc      24%        2d7       13%         4
f - Mephitic Cloud        Conj/Pois/Air  34%        N/A       1%          3

Your spell library contained the following spells:

 Spells                   Type           Power      Damage    Failure   Level
 Stone Arrow              Conj/Erth      48%        3d10      4%          3
 Foxfire                  Conj/Fire      96%        2x1d8     1%          1
 Magic Dart               Conj           100%       1d8       1%          1
 Dazzling Flash           Conj/Hex       48%        N/A       4%          3
 Animate Skeleton         Necr           16%        N/A       9%          1
 Blink                    Tloc           16%        N/A       13%         2
 Call Imp                 Summ           8%         N/A       13%         2
 Call Canine Familiar     Summ           8%         N/A       26%         3
 Gell's Gravitas          Tloc           8%         N/A       26%         3
 Lesser Beckoning         Tloc           8%         N/A       26%         3
 Portal Projectile        Hex/Tloc       16%        N/A       26%         3
 Teleport Other           Tloc           8%         N/A       26%         3
 Dispel Undead            Necr           8%         3d8       63%         4
 Leda's Liquefaction      Hex/Erth       4%         N/A       63%         4
 Starburst                Conj/Fire      12%        6d5       90%         6
 Manifold Assault         Tloc           8%         N/A       93%         5


Dungeon Overview and Level Annotations

Branches:
Dungeon (9/15)             Temple (0/1) D:7
   Lair: D:8-11         Orc: D:9-12

Altars:
Fedhas
Hepliaklqana
Nemelex Xobeh
Qazlal
Sif Muna
Vehumet
Wu Jian
The Shining One

Shops:
D:5 (


Innate Abilities, Weirdness & Mutations

You have a beak for a mouth.
You have claws for feet.
Your magical nature lets you fly swiftly and evasively.


Message History

You are confused.
The boulder beetle is engulfed in noxious fumes.
The boulder beetle appears confused.
The boulder beetle completely misses you.
You hit the boulder beetle but do no damage.
The boulder beetle is lightly wounded.
You are engulfed in noxious fumes.
You choke on the stench!
You are more confused.
The boulder beetle is engulfed in noxious fumes.
The boulder beetle barely misses you.
The boulder beetle is engulfed in noxious fumes.
The boulder beetle appears confused.
It was a potion of degeneration.
There was something very wrong with that liquid.
You feel weakened.
You feel dopey.
You feel clumsy.
The boulder beetle is engulfed in noxious fumes.
The boulder beetle bites you!!
* * * LOW HITPOINT WARNING * * *
It was a potion of might.
You feel very mighty all of a sudden.
The boulder beetle is engulfed in noxious fumes.
The boulder beetle appears confused.
It was a potion of heal wounds.
You feel much better.
You feel less confused.
The boulder beetle is engulfed in noxious fumes.
The boulder beetle appears confused.
The boulder beetle bites you!
* * * LOW HITPOINT WARNING * * *
The boulder beetle is engulfed in noxious fumes.
You see here a +0 club.
Things that are here:
a +0 leather armour; a +0 short sword
Items here: ( ))) [[.
You start resting.
Magic restored.
You start resting.
A boulder beetle is nearby!
The boulder beetle curls into a ball and begins rolling!
The boulder beetle hits you!!!
Ouch! That really hurt!
You die...

#.#.#.#.# #.........#
#.#.#.#.########.####.##.#
#...#.#.##........°.#.##.#
##..#.#.##.......°#...##.#
#..#.#.##......°.#.####.#
#..#.#.########°##.# #.# #..#.#.#
#○##.# #.# #..#.#.########B##.#
#.########
###.#...........@.#.####.........
......#.#########<.........######
###...#.#########..........#
###...#....................#
#.........))...............#
#.###.............##########
#....†............#
....#>............#
.##.#.#############


You could see a boulder beetle (rolling).

Vanquished Creatures
  2 two-headed ogres (D:9)
  A hornet (D:8)
  Sigmund (D:2)
  4 wyverns
  4 yaks
  3 steam dragons
  Menkaure (D:7)
  4 orc warriors
  A necrophage (D:4)
  4 black bears
  4 ogres
  2 centaurs
  A bullfrog (D:9)
  5 gnoll sergeants
  2 kobold brigands
  2 scorpions (D:5)
  2 howler monkeys
  A centaur zombie (D:8)
  A gnoll shaman (D:4)
  2 orc priests
  5 hounds (D:5)
  A bullfrog skeleton (D:6)
  Jessica (D:2)
  4 iguanas
  7 orc wizards
  A statue (D:4)
  A killer bee zombie (D:6)
  A hound zombie (D:5)
  2 hound skeletons
  6 adders
  35 gnolls
  2 shadow imps
  2 ufetubi
  An adder skeleton (D:4)
  2 worms
  8 dart slugs
  21 orcs
  5 ball pythons
  3 endoplasms
  3 giant cockroaches
  7 goblins
  8 hobgoblins
  7 jackals
  7 quokkas
  5 bats
  4 frilled lizards
  19 kobolds
  8 rats
223 creatures vanquished.

Vanquished Creatures (others)
  A fungus (D:1)
  39 plants
40 creatures vanquished.

Grand Total: 263 creatures vanquished

Notes
Turn   | Place    | Note
-------+----------+-------------------------------------------
     0 | D:1      | DrunkBamboolord the Tengu Air Elementalist began the quest
                  | for the Orb.
     0 | D:1      | Reached XP level 1. HP: 10/10 MP: 4/4
   161 | D:1      | Reached XP level 2. HP: 15/15 MP: 3/6
   765 | D:1      | Reached XP level 3. HP: 19/19 MP: 2/7
   839 | D:1      | Reached skill level 5 in Air Magic
   844 | D:1      | Learned a level 3 spell: Swiftness
   847 | D:1      | Learned a level 2 spell: Static Discharge
   926 | D:1      | Found a faded altar of an unknown god.
  1463 | D:2      | Noticed Jessica
  1469 | D:2      | Killed Jessica
  1470 | D:2      | Reached XP level 4. HP: 24/24 MP: 2/8
  1830 | D:2      | Found a hazy altar of Hepliaklqana.
  2071 | D:2      | Gained mutation: Your magical nature lets you fly swiftly
                  | and evasively. [Tengu growth]
  2071 | D:2      | Reached XP level 5. HP: 28/28 MP: 3/10
  2292 | D:2      | Learned a level 4 spell: Airstrike
  2417 | D:2      | Noticed Sigmund
  2580 | D:2      | Killed Sigmund
  2581 | D:2      | Reached skill level 6 in Air Magic
  2581 | D:2      | Reached XP level 6. HP: 10/32 MP: 3/12
  3620 | D:3      | Found a stormy altar of Qazlal.
  4032 | D:4      | Reached XP level 7. HP: 36/36 MP: 7/14
  4119 | D:4      | Reached skill level 7 in Air Magic
  4206 | D:4      | Found a radiant altar of Vehumet.
  4216 | D:4      | Became a worshipper of Vehumet
  4464 | D:4      | Found a sparkling altar of Nemelex Xobeh.
  4534 | D:4      | Reached skill level 5 in Conjurations
  4983 | D:4      | Reached skill level 5 in Spellcasting
  5056 | D:5      | Entered Level 5 of the Dungeon
  5198 | D:5      | Reached XP level 8. HP: 33/41 MP: 7/16
  5430 | D:5      | Found Geucs's Antique Weapon Shop.
  5897 | D:5      | Reached * piety under Vehumet
  5897 | D:5      | Offered knowledge of Magic Dart by Vehumet.
  6038 | D:5      | Reached skill level 8 in Air Magic
  6997 | D:6      | Reached XP level 9. HP: 29/45 MP: 12/19
  7103 | D:6      | Learned a level 4 spell: Iskenderun's Mystic Blast
  7218 | D:6      | Reached skill level 9 in Air Magic
  8324 | D:7      | Found a shimmering blue altar of Sif Muna.
  8477 | D:7      | Reached ** piety under Vehumet
  8480 | D:7      | Found a staircase to the Ecumenical Temple.
  8497 | D:7      | Learned a level 3 spell: Mephitic Cloud
  8640 | D:7      | Noticed Menkaure
  8643 | D:7      | Killed Menkaure
  8643 | D:7      | Offered knowledge of Scorch by Vehumet.
  8787 | D:7      | Reached skill level 10 in Air Magic
  8788 | D:7      | Found a glowing golden altar of the Shining One.
  8990 | D:8      | Reached skill level 5 in Dodging
  9900 | D:8      | Noticed a hornet
  9905 | D:8      | Killed a hornet
  9906 | D:8      | Reached skill level 11 in Air Magic
  9906 | D:8      | Reached XP level 10. HP: 50/50 MP: 11/23
 10101 | D:8      | Got the Volume of Harmful Darkness
 10615 | D:9      | Found an ornate altar of the Wu Jian Council.
 10633 | D:9      | Noticed a two-headed ogre
 10736 | D:9      | Killed a two-headed ogre
 10876 | D:9      | Found a blossoming altar of Fedhas.
 10914 | D:9      | Noticed a two-headed ogre
 10920 | D:9      | Killed a two-headed ogre
 10921 | D:9      | Reached skill level 12 in Air Magic
 11118 | D:9      | Offered knowledge of Stone Arrow by Vehumet.
 12177 | D:9      | Reached XP level 11. HP: 54/54 MP: 22/25
 12279 | D:9      | Noticed a boulder beetle
 12300 | D:8      | HP: 2/54 [boulder beetle (22)]
 12340 | D:8      | Annihilated by a boulder beetle

Illustrated notes

Levels and vault maps discovered:
D:1:      minmay_arrival_plants_in_alcoves, layout_rooms,
          shapermc_ecumenical_altar_acropolis
D:2:      layout_loops_ring, basic_altar, nrook_mini_backslash,
          amcnicky_mini_pool_small, minmay_cupped, uniq_sigmund, uniq_jessica
D:3:      layout_rooms, nicolae_qazlal_scattered_showers
D:4:      layout_loops_cross, kennysheep_mini, vehumet_statue,
          kennysheep_generic_room_11
D:5:      layout_cave_pods, serial_gnoll_camp, gnoll_camp_mini_shop,
          gnoll_camp_mini_basic, gnoll_camp_mini_doghouse, gnoll_camp_mini_hut,
          serial_bayou_lagoon_a
D:6:      layout_loops_cross
D:7:      layout_basic, nicolae_tso_carved_into_rock, led_sif_book,
          minmay_temple_entry_offerings, uniq_menkaure
D:8:      layout_basic
D:9:      hellmonk_warped_wall, layout_loops_ring, trog_hazing_becter,
          mainiacjoe_overflow_chevrons, marbit_many_paths,
          minmay_lair_entry_grove, special_room [special_room_orc]

Skill      XL: |  1  2  3  4  5  6  7  8  9 10 |
---------------+-------------------------------+-----
Air Magic      | 5 6 7 8 11 12 | 12.9
Conjurations   | 2 3 4 5 7 8 |  8.8
Spellcasting   | 3 4 5 6 8 9 |  9.5
Dodging        | 3 4 5 6 |  6.1
Stealth        | |  2.2

Action                   |  1- 3 |  4- 6 |  7- 9 | 10-12 || total
-------------------------+-------+-------+-------+-------++-------
Melee: Unarmed           |       |     2 |     2 |    25 ||    29
       Kick              |       |     1 |     1 |    11 ||    13
       Peck              |       |       |       |     6 ||     6
       Punch             |       |       |       |     1 ||     1
 Cast: Shock             |    64 |   129 |   194 |     1 ||   388
       Static Discharge  |     2 |     6 |    18 |       ||    26
       Airstrike         |       |     2 |    69 |    80 ||   151
       Mephitic Cloud    |       |       |     1 |     1 ||     2
  Use: Scroll            |       |     7 |     1 |       ||     8
       Potion            |       |       |       |     5 ||     5
Armor: Robe              |     3 |     2 |    33 |     1 ||    39
       Steam dragon scal |       |       |       |     7 ||     7
Dodge: Dodged            |    12 |    16 |    76 |    31 ||   135
